[Event "Klatovy Open-B 2024"]
[Site "Klatovy"]
[Date "2024.07.07"]
[Round "9.1"]
[White "Kaderabek, Jiri"]
[Black "Masek, Jan"]
[Result "1-0"]
[ECO "A10"]
[WhiteElo "1984"]
[BlackElo "1839"]
[Annotator "RC"]
[PlyCount "57"]
[EventDate "2024.06.21"]
[EventType "swiss"]
[EventCountry "CZE"]
[SourceTitle "playchess.com"]
[Source "ChessBase"]
[SourceQuality "1"]
[TimeControl "40/7200:0"]

1. Nf3 f5 2. d3 Nf6 3. g3 b6 4. Bg2 Bb7 5. O-O e6 6. c4 Be7 7. b3 O-O 8. Bb2 d6 9. Nc3 Qe8 10. e4 Qh5 11. Nd4 Qxd1 12. Raxd1 fxe4 13. Nxe6 Rc8 14. dxe4 Na6 15. Rfe1 c6 16. Ba3 Nc5 17. Bh3 Ncxe4 18. Nxe4 Nxe4 19. Rxe4 d5 20. Rg4 Bf6 21. Bd6 Re8 22. Nc7 Red8 23. c5 bxc5 24. Bxc5 Bc8 25. Nxa8 Bxg4 26. Bxg4 Rxa8 27. Bd7 Kh8 28. Re1 g6 29. Bxc6 1-0

[Event "Klatovy Open-B 2024"]
[Site "Klatovy"]
[Date "2024.07.07"]
[Round "9.2"]
[White "Slansky, Jachym"]
[Black "Mojzisova, Barbora"]
[Result "0-1"]
[ECO "C25"]
[WhiteElo "1665"]
[BlackElo "1535"]
[Annotator "NA RC"]
[PlyCount "132"]
[EventDate "2024.06.21"]
[EventType "swiss"]
[EventCountry "CZE"]
[SourceTitle "playchess.com"]
[Source "ChessBase"]
[SourceQuality "1"]
[TimeControl "40/7200:0"]

1. e4 e5 2. Nc3 Nc6 3. Bc4 Bc5 4. d3 d6 5. Na4 Bb6 6. Nxb6 axb6 7. c3 Nf6 8. Ne2 O-O 9. O-O Be6 10. Bxe6 fxe6 11. f3 Nh5 12. g3 Qe8 13. d4 Qg6 14. d5 exd5 15. Qxd5+ Rf7 16. f4 Nf6 17. Qc4 Qxe4 18. Qxe4 Nxe4 19. Rf3 exf4 20. Bxf4 g5 21. Re3 d5 22. c4 gxf4 23. Nxf4 Nf6 24. cxd5 Ne7 25. Re5 Ng6 26. Rf5 Nxf4 27. gxf4 Rd8 28. Rd1 c6 29. d6 Ne4 30. Re5 Rxd6 31. Re1 Rg6+ 32. Kf1 Rxf4+ 33. Ke2 Nc5 34. Kd2 Rd6+ 35. Kc2 Rf2+ 36. Kb1 Rxh2 37. b4 Nd7 38. Rg5+ Kf7 39. Rg3 Rdh6 40. Rge3 Rh1 41. Re7+ Kg6 42. Rxh1 Rxh1+ 43. Kc2 Rh2+ 44. Kc3 Nf6 45. Rxb7 Nd5+ 46. Kb3 Rh3+ 47. Kb2 Nxb4 48. Rxb6 Rh2+ 49. Kb3 Rxa2 50. Rxb4 Rf2 51. Rb6 Rf6 52. Rb8 Kg5 53. Kc4 h5 54. Kd4 h4 55. Ke4 c5 56. Rc8 Rf4+ 57. Ke3 Rf5 58. Rg8+ Kh5 59. Rh8+ Kg4 60. Ke4 c4 61. Kd4 Rf4+ 62. Ke3 Kg3 63. Rc8 h3 64. Ke2 h2 65. Rh8 Rh4 66. Rg8+ Kh3 0-1

[Event "Klatovy Open-B 2024"]
[Site "Klatovy"]
[Date "2024.07.07"]
[Round "9.3"]
[White "Kolman, Pavel Petr"]
[Black "Koper, Stefan"]
[Result "1/2-1/2"]
[ECO "C45"]
[WhiteElo "1582"]
[BlackElo "1845"]
[Annotator "NA RC"]
[PlyCount "22"]
[EventDate "2024.06.21"]
[EventType "swiss"]
[EventCountry "CZE"]
[SourceTitle "playchess.com"]
[Source "ChessBase"]
[SourceQuality "1"]
[TimeControl "40/7200:0"]

1. e4 e5 2. Nf3 Nc6 3. d4 Nxd4 4. Nxd4 exd4 5. Qxd4 d6 6. Bf4 Ne7 7. Nc3 Bd7 8. Bc4 Nc6 9. Qd2 Be7 10. Rd1 O-O 11. e5 dxe5 1/2-1/2

[Event "Klatovy Open-B 2024"]
[Site "Klatovy"]
[Date "2024.07.07"]
[Round "9.4"]
[White "Rudlof, Jan"]
[Black "Beran, Jakub"]
[Result "0-1"]
[ECO "D09"]
[WhiteElo "1799"]
[BlackElo "1791"]
[Annotator "NA RC"]
[PlyCount "86"]
[EventDate "2024.06.21"]
[EventType "swiss"]
[EventCountry "CZE"]
[SourceTitle "playchess.com"]
[Source "ChessBase"]
[SourceQuality "1"]
[TimeControl "40/7200:0"]

1. d4 d5 2. c4 e5 3. dxe5 d4 4. Nf3 Nc6 5. g3 Be6 6. Qa4 Qd7 7. Bg2 Nge7 8. O-O Ng6 9. Nbd2 h5 10. h4 a6 11. a3 O-O-O 12. b4 Ncxe5 13. b5 Bc5 14. Ne4 Ba7 15. Nfd2 c5 16. Rb1 Bb6 17. f4 f5 18. Ng5 Ng4 19. Bxb7+ Kxb7 20. Qxa6+ Kc7 21. Nb3 Rde8 22. Nxc5 Bxc5 23. b6+ Kd8 24. Qa5 Bd6 25. c5 Bb8 26. a4 Bd5 27. Ba3 Bc6 28. Rfd1 Qd5 29. Nf3 Re4 30. Rb4 Ke8 31. Rbxd4 Rxd4 32. Rxd4 Qe6 33. Qd2 Qe3+ 34. Qxe3+ Nxe3 35. a5 Bb5 36. Rb4 Ba6 37. c6 Nd5 38. Rd4 Nge7 39. Ne5 Bxe5 40. fxe5 Kf7 41. Bc5 Ke6 42. b7 Nxc6 43. b8=Q Rxb8 0-1

[Event "Klatovy Open-B 2024"]
[Site "Klatovy"]
[Date "2024.07.07"]
[Round "9.5"]
[White "Martinek, Lukas"]
[Black "Svejdar, Pavel"]
[Result "1-0"]
[ECO "C02"]
[WhiteElo "1698"]
[BlackElo "1721"]
[Annotator "NA RC"]
[PlyCount "75"]
[EventDate "2024.06.21"]
[EventType "swiss"]
[EventCountry "CZE"]
[SourceTitle "playchess.com"]
[Source "ChessBase"]
[SourceQuality "1"]
[TimeControl "40/7200:0"]

1. e4 e6 2. d4 d5 3. e5 c5 4. c3 Nc6 5. Nf3 Qb6 6. a3 c4 7. Nbd2 Na5 8. b4 Nc6 9. Ng5 h6 10. Nh3 Nge7 11. f4 Ng6 12. g3 a5 13. Bb2 Be7 14. Bg2 Bd7 15. O-O Bd8 16. f5 Nge7 17. f6 gxf6 18. exf6 Nf5 19. Qe2 Nd6 20. Bxd5 axb4 21. axb4 Rxa1 22. Bxa1 Qb5 23. Bxc4 Nxc4 24. Qxc4 Qa4 25. Ne4 Bc7 26. Nc5 Qa7 27. Nxd7 Kxd7 28. Nf2 Rg8 29. d5 Ne5 30. dxe6+ fxe6 31. Qd4+ Qxd4 32. cxd4 Nc4 33. Ne4 Ne3 34. Rf2 Ra8 35. Bc3 Ng4 36. Nc5+ Ke8 37. f7+ Ke7 38. f8=Q+ 1-0

[Event "Klatovy Open-B 2024"]
[Site "Klatovy"]
[Date "2024.07.07"]
[Round "9.6"]
[White "Vojta, Radek"]
[Black "Kasik, Denis"]
[Result "1/2-1/2"]
[ECO "C11"]
[WhiteElo "1693"]
[BlackElo "1596"]
[Annotator "NA RC"]
[PlyCount "39"]
[EventDate "2024.06.21"]
[EventType "swiss"]
[EventCountry "CZE"]
[SourceTitle "playchess.com"]
[Source "ChessBase"]
[SourceQuality "1"]
[TimeControl "40/7200:0"]

1. e4 e6 2. d4 d5 3. Nc3 Nf6 4. e5 Nfd7 5. f4 c5 6. Nf3 Nc6 7. Be3 cxd4 8. Nxd4 Nxd4 9. Bxd4 Bc5 10. Qd2 Bxd4 11. Qxd4 a6 12. O-O-O Qb6 13. Qxb6 Nxb6 14. Bd3 Bd7 15. g4 Bc6 16. Rhg1 Nd7 17. Ne2 O-O 18. Nd4 Rac8 19. Rde1 Rfe8 20. Re3 1/2-1/2

[Event "Klatovy Open-B 2024"]
[Site "Klatovy"]
[Date "2024.07.07"]
[Round "9.7"]
[White "Koupil, Stepan"]
[Black "Bukvaj, Jan"]
[Result "1-0"]
[ECO "C45"]
[WhiteElo "1685"]
[BlackElo "1652"]
[Annotator "NA RC"]
[PlyCount "129"]
[EventDate "2024.06.21"]
[EventType "swiss"]
[EventCountry "CZE"]
[SourceTitle "playchess.com"]
[Source "ChessBase"]
[SourceQuality "1"]
[TimeControl "40/7200:0"]

1. e4 Nc6 2. Nf3 e5 3. d4 exd4 4. Nxd4 Bc5 5. Be3 Qf6 6. c3 Nge7 7. Qf3 Qxf3 8. gxf3 Nxd4 9. cxd4 Bb6 10. Nc3 d6 11. O-O-O Bd7 12. Rg1 Rg8 13. f4 O-O-O 14. f5 h6 15. Bc4 Rdf8 16. f6 gxf6 17. Bxh6 Rxg1 18. Rxg1 Rg8 19. Rg7 Rxg7 20. Bxg7 Bxd4 21. h4 Bxf2 22. h5 Ng8 23. Bxf7 Be3+ 24. Kc2 Bh6 25. Bh8 Ne7 26. Bxf6 Nc6 27. Nd5 Nd8 28. Ne7+ Kb8 29. Bg6 Be6 30. Nd5 Nf7 31. Bc3 Ne5 32. Bd2 Ng4 33. Kd3 Ne5+ 34. Kc2 Ng4 35. Bxh6 Nxh6 36. Kd3 Bxd5 37. exd5 Kc8 38. Ke4 Kd7 39. Kf4 Ke7 40. Kg5 Ng8 41. h6 Nxh6 42. Kxh6 Kf6 43. Bc2 Ke5 44. Bb3 c6 45. Kg5 cxd5 46. Kg4 Ke4 47. Kg3 d4 48. Kf2 d3 49. Ke1 Ke3 50. Kd1 b6 51. a4 a5 52. Ke1 d2+ 53. Kd1 Kd3 54. Bc2+ Ke3 55. Bb1 d5 56. Bc2 d4 57. Bb1 d3 58. Ba2 Kd4 59. Kxd2 Kc5 60. Kxd3 Kb4 61. Kd4 Kxa4 62. Kc4 b5+ 63. Kc3 b4+ 64. Kc4 b3 65. Bxb3# 1-0

[Event "Klatovy Open-B 2024"]
[Site "Klatovy"]
[Date "2024.07.07"]
[Round "9.8"]
[White "Jelinek, Jan"]
[Black "Trejbal, Jindrich"]
[Result "0-1"]
[ECO "C42"]
[WhiteElo "1662"]
[BlackElo "1953"]
[Annotator "RC"]
[PlyCount "50"]
[EventDate "2024.06.21"]
[EventType "swiss"]
[EventCountry "CZE"]
[SourceTitle "playchess.com"]
[Source "ChessBase"]
[SourceQuality "1"]
[TimeControl "40/7200:0"]

1. e4 e5 2. Nf3 Nf6 3. Nc3 Bb4 4. Nd5 Nxd5 5. exd5 O-O 6. c3 Ba5 7. Bc4 e4 8. Nd4 d6 9. O-O Bb6 10. Nc2 f5 11. d3 Qh4 12. Be3 Nd7 13. dxe4 fxe4 14. Nd4 Ne5 15. Be2 Bg4 16. Bxg4 Nxg4 17. h3 Ne5 18. Ne6 Nf3+ 19. gxf3 Bxe3 20. Nxf8 Qg3+ 21. Kh1 Qxh3+ 22. Kg1 Bf4 23. Re1 Bh2+ 24. Kh1 Bg3+ 25. Kg1 Qh2+ 0-1

[Event "Klatovy Open-B 2024"]
[Site "Klatovy"]
[Date "2024.07.07"]
[Round "9.9"]
[White "Velkoborsky, Tadeas"]
[Black "Sova, Zdenek"]
[Result "1-0"]
[ECO "B43"]
[WhiteElo "1578"]
[BlackElo "1822"]
[Annotator "NA RC"]
[PlyCount "105"]
[EventDate "2024.06.21"]
[EventType "swiss"]
[EventCountry "CZE"]
[SourceTitle "playchess.com"]
[Source "ChessBase"]
[SourceQuality "1"]
[TimeControl "40/7200:0"]

1. e4 c5 2. Nf3 e6 3. d4 cxd4 4. Nxd4 a6 5. Nc3 Qc7 6. Bd3 Nf6 7. Bg5 Be7 8. O-O O-O 9. Re1 d6 10. Qf3 Nbd7 11. Rad1 Ne5 12. Qg3 Ng6 13. Kh1 h6 14. Bd2 Qb6 15. Nb3 Bd7 16. f4 Kh8 17. e5 dxe5 18. fxe5 Nh7 19. Bxg6 fxg6 20. Qxg6 Be8 21. Qg3 Bh5 22. Be3 Qc7 23. Nd4 Bf7 24. Rf1 Bg8 25. Nce2 Rxf1+ 26. Rxf1 Rf8 27. Nf4 Rxf4 28. Bxf4 Qc4 29. Rd1 Ng5 30. Bxg5 Bxg5 31. Qb3 Qc8 32. Nf3 Be7 33. Qd3 Qc5 34. Qe4 Qb5 35. b3 Bh7 36. Qc4 Qb6 37. Rd7 Bc5 38. Qg4 Bf8 39. Qf4 Bf5 40. Nd4 g5 41. Qf3 Qb4 42. c3 Qa3 43. Nxf5 exf5 44. e6 Be7 45. h3 Bd6 46. Qd1 Bf8 47. Qd4+ Kg8 48. Kh2 Qc1 49. Qd2 Qa3 50. Qd5 Kh8 51. Qe5+ Kg8 52. b4 Qc1 53. Qxf5 1-0

[Event "Klatovy Open-B 2024"]
[Site "Klatovy"]
[Date "2024.07.07"]
[Round "9.10"]
[White "Stanke, Petr"]
[Black "Chmelik, Ladislav"]
[Result "1/2-1/2"]
[ECO "A46"]
[WhiteElo "1683"]
[BlackElo "1795"]
[Annotator "NA RC"]
[PlyCount "39"]
[EventDate "2024.06.21"]
[EventType "swiss"]
[EventCountry "CZE"]
[SourceTitle "playchess.com"]
[Source "ChessBase"]
[SourceQuality "1"]
[TimeControl "40/7200:0"]

1. d4 d5 2. c4 e6 3. Nf3 Nf6 4. Nc3 c5 5. dxc5 Bxc5 6. e3 O-O 7. Be2 dxc4 8. O-O Qc7 9. Qa4 a6 10. Bxc4 b5 11. Bxb5 axb5 12. Qxa8 Bb7 13. Nxb5 Qb6 14. Qa4 Bc6 15. Qc2 Bxb5 16. Rd1 Nc6 17. Bd2 Nb4 18. Bxb4 Bxb4 19. Nd4 Bd7 20. Qb3 1/2-1/2

[Event "Klatovy Open-B 2024"]
[Site "Klatovy"]
[Date "2024.07.07"]
[Round "9.12"]
[White "Brychta, David"]
[Black "Vrzal, Vaclav"]
[Result "1/2-1/2"]
[ECO "A29"]
[WhiteElo "2124"]
[BlackElo "1682"]
[Annotator "RC"]
[PlyCount "55"]
[EventDate "2024.06.21"]
[EventType "swiss"]
[EventCountry "CZE"]
[SourceTitle "playchess.com"]
[Source "ChessBase"]
[SourceQuality "1"]
[TimeControl "40/7200:0"]

1. c4 e5 2. g3 Nf6 3. Bg2 Nc6 4. d3 d5 5. cxd5 Nxd5 6. Nc3 Nb6 7. Nf3 Be7 8. O-O O-O 9. a3 Be6 10. Be3 f5 11. Qd2 Bf6 12. Bxb6 axb6 13. e3 f4 14. Ne2 fxe3 15. fxe3 Qd7 16. d4 Bc4 17. Rf2 Bxe2 18. Rxe2 exd4 19. Nxd4 Nxd4 20. exd4 Qxd4+ 21. Qxd4 Bxd4+ 22. Kh1 c6 23. Rd1 Rad8 24. Red2 Bf6 25. h4 Rxd2 26. Rxd2 Rd8 27. Rxd8+ Bxd8 28. Bh3 1/2-1/2

[Event "Klatovy Open-B 2024"]
[Site "Klatovy"]
[Date "2024.07.07"]
[Round "9.13"]
[White "Bubela, Alexander Georg"]
[Black "Mlynek, Jakub"]
[Result "1-0"]
[ECO "D35"]
[WhiteElo "1549"]
[BlackElo "1694"]
[Annotator "NA RC"]
[PlyCount "115"]
[EventDate "2024.06.21"]
[EventType "swiss"]
[EventCountry "CZE"]
[SourceTitle "playchess.com"]
[Source "ChessBase"]
[SourceQuality "1"]
[TimeControl "40/7200:0"]

1. d4 Nf6 2. c4 e6 3. Nc3 d5 4. cxd5 exd5 5. Bg5 Be7 6. e3 h6 7. Bh4 O-O 8. Bd3 Be6 9. Qc2 c5 10. Nf3 Nc6 11. a3 Bg4 12. dxc5 Bxf3 13. gxf3 d4 14. Ne4 Nd5 15. Bxe7 Qxe7 16. Bc4 Rfd8 17. O-O-O Ne5 18. Rxd4 Nc7 19. f4 Rxd4 20. exd4 Nxc4 21. d5 Nxd5 22. Qxc4 Nxf4 23. Nd6 Ne6 24. Rg1 Rd8 25. Qc3 Qh4 26. Qf3 Ng5 27. Qxb7 Qxf2 28. Rxg5 Qe3+ 29. Kb1 Qxg5 30. Qxf7+ Kh8 31. Qxa7 Qg6+ 32. Ka1 Kh7 33. Qe7 Qc2 34. Qe4+ Qxe4 35. Nxe4 Rd4 36. Nd6 g5 37. b4 Rd2 38. b5 Rxh2 39. b6 g4 40. Ne4 Rh3 41. Nf6+ Kg6 42. Nxg4 h5 43. Ne5+ Kf5 44. b7 Rb3 45. c6 Kxe5 46. c7 Rxb7 47. c8=Q Re7 48. Qc5+ Ke6 49. Qxh5 Ra7 50. Qh6+ Kd5 51. Qg5+ Kc4 52. Qf4+ Kb5 53. Qb4+ Kc6 54. a4 Rb7 55. Qc4+ Kb6 56. Qd5 Ka6 57. Qc6+ Rb6 58. Qa8# 1-0

[Event "Klatovy Open-B 2024"]
[Site "Klatovy"]
[Date "2024.07.07"]
[Round "9.14"]
[White "Rezac, Jindrich"]
[Black "Bukvaj, Martin"]
[Result "1/2-1/2"]
[ECO "E97"]
[WhiteElo "1875"]
[BlackElo "1687"]
[Annotator "NA RC"]
[PlyCount "27"]
[EventDate "2024.06.21"]
[EventType "swiss"]
[EventCountry "CZE"]
[SourceTitle "playchess.com"]
[Source "ChessBase"]
[SourceQuality "1"]
[TimeControl "40/7200:0"]

1. d4 Nf6 2. c4 g6 3. Nc3 Bg7 4. e4 d6 5. Nf3 O-O 6. Be2 e5 7. O-O Nc6 8. dxe5 Nxe5 9. Nxe5 dxe5 10. Qxd8 Rxd8 11. Bg5 c6 12. Rfd1 Be6 13. f3 h6 14. Be3 1/2-1/2